 Dungeon Crawl Stone Soup version 0.30-a0-371-gad7725a93e (webtiles) character file.

Game seed: 18231979134607552182

984 porpoise the Fighter (level 8, 0/56 HPs)
             Began as a Gargoyle Brigand on Nov 23, 2022.
             Was a Follower of Okawaru.
             Slain by an orc wizard
             ... wielding a +0 great sword
              (10 damage)
             ... on level 4 of the Dungeon.
             The game lasted 00:24:22 (3370 turns).

porpoise the Fighter (Gargoyle Brigand)             Turns: 3370, Time: 00:24:22

Health: 0/56       AC: 17    Str: 23    XL:     8   Next: 17%
Magic:  9/9        EV: 11    Int: 12    God:    Okawaru [*.....]
Gold:   323        SH:  0    Dex: 11    Spells: 7/7 levels left

rFire   . . .      SeeInvis .    a - +1 dagger (drain)
rCold   . . .      Faith    .    (no shield)
rNeg    + . .      Spirit   .    c - +0 ring mail
rPois   ∞          Reflect  .    o - +0 helmet
rElec   +          Harm     .    i - +1 cloak
rCorr   .          Rampage  .    (no gloves)
Will    .....      Clarity  +    A - +0 pair of boots
Stlth   ++........               y - amulet of regeneration
HPRegen 1.09/turn                w - +6 ring of strength
MPRegen 0.11/turn                (no ring)

@: about to teleport
A: sickness immunity, AC +5, negative energy resistance 1, electricity
resistance, torment resistance 1, petrification resistance, talons 1, iridescent
scales 1, clarity
a: Renounce Religion, Heroism


You were on level 4 of the Dungeon.
You worshipped Okawaru.
Okawaru was aware of your devotion.
You visited 1 branch of the dungeon, and saw 4 of its levels.
You also visited: Sewer and Ossuary.

You collected 323 gold pieces.

Inventory:

Hand Weapons
 a - a +1 dagger of draining (weapon)
 b - a +0 sling
 j - a +2 vampiric dagger
 n - a +4 spear of venom
 u - a +0 dagger of venom
 C - a +0 demon blade of venom
Missiles
 d - 41 poisoned darts (quivered)
 e - 8 curare-tipped darts
 f - 3 boomerangs
Armour
 c - a +0 ring mail (worn)
 i - a +1 cloak (worn)
 o - a +0 helmet (worn)
 A - a +0 pair of boots (worn)
Jewellery
 w - a +6 ring of strength (left hand)
 y - an amulet of regeneration (around neck)
Wands
 t - a wand of iceblast (9)
 z - a wand of polymorph (7)
Scrolls
 h - 4 scrolls of poison
 q - a scroll of blinking {unknown}
 r - 2 scrolls of noise
 s - a scroll of teleportation
 x - 2 scrolls of immolation
 F - a scroll of enchant armour {unknown}
Potions
 g - a potion of brilliance
 k - a potion of magic
 m - 2 potions of mutation
 p - a potion of haste
 v - a potion of flight
 B - 2 potions of cancellation
 E - 2 potions of invisibility
 G - a potion of might


   Skills:
 - Level 9.0 Fighting
 - Level 1.7 Short Blades
 - Level 1.7 Throwing
 + Level 2.5 Armour
 + Level 2.1 Dodging
 - Level 4.3 Stealth
 + Level 2.6 Invocations


You had 7 spell levels left.
You didn't know any spells.
Your spell library contained the following spells:

 Spells                   Type           Power      Damage    Failure   Level
 Wereblood                Tmut           0%         N/A       61%         2
 Portal Projectile        Hex/Tloc       0%         N/A       83%         3
 Leda's Liquefaction      Hex/Erth       0%         N/A       99%         4
 Chain Lightning          Conj/Air       0%         N/A       100%        9
 Fire Storm               Conj/Fire      0%         5d1       100%        9
 Shatter                  Erth           0%         3d5*      100%        9
 Sublimation of Blood     Necr           Unusable   N/A       N/A         2
 Call Canine Familiar     Summ           Unusable   N/A       N/A         3
 Summon Hydra             Summ           Unusable   N/A       N/A         7

Dungeon Overview and Level Annotations

Branches:
Dungeon (4/15)              Sewer (visited)         Ossuary (visited)
 Temple: D:4-7

Altars:
Okawaru
Trog
Wu Jian


Innate Abilities, Weirdness & Mutations

You are immune to sickness and miasma.
Your stone body is resilient. (AC +5)
You are immune to poison.
You resist negative energy. (rN+)
You are resistant to electric shocks. (rElec)
You are resistant to unholy torment.
You are immune to petrification.
You have sharp toenails.
You are partially covered in iridescent scales. (AC +2)
You possess an exceptional clarity of mind.


Message History

You closely miss the orc priest.
The orc priest is lightly wounded.
The orc wizard points at the orc priest and mumbles some strange words.
The magic dart hits the orc priest but does no damage.
The orc priest calls down the wrath of Beogh upon you.
Pain shoots through your body!
You hit the orc priest but do no damage.
You drain the orc priest.
The orc priest is moderately wounded.
You hit the orc wizard but do no damage.
You hit the orc wizard but do no damage.
You drain the orc wizard.
The orc wizard is lightly wounded.
You flicker back into view.
The orc wizard mumbles some strange words.
The orc wizard flickers and vanishes!
Deactivating autopickup; reactivate with Ctrl-A.
The orc priest calls down the wrath of Beogh upon you.
Beogh smites you!
You closely miss something. Something hits you.
You hit something. Something hits you but does no damage.
The orc priest closely misses you.
You hit the orc priest but do no damage.
You drain the orc priest.
The orc priest is moderately wounded.
The orc priest calls upon Beogh to heal the orc priest.
The orc priest is healed somewhat.
The orc priest closely misses you. Something hits you.
* * * LOW HITPOINT WARNING * * *
The orc priest attacks as you move away!
The orc priest barely misses you. Something barely misses you.
Okay, then.
Unknown command.
As you read the scroll of teleportation, it crumbles to dust.
You feel strangely unstable. Something barely misses you. Something hits you!
* * * LOW HITPOINT WARNING * * *
Something hits you but does no damage. Something hits you!
You die...

..# #.# ##.#.#* ##..#...#..#.#,,
..#*#.#****#.#* ##...o...##,#,*
.S..S..,,**###########o.#.##*,*,*
.......,,,,........†)oK...# *,*,*
..[....,,,,......o.######.# *,*,*
.......,,**#######o# *.# *,*,*
.......,,* ##.## *,# *,*,*
...$...,,########...## *,* *,*,*
,,,,,,,,,.......@....# *,* *,,,,
,,,,,,,,,..######....# *,* ***,*
,,,,,,,,,,***,,*#..#.#***,*****,*
*****,**,***,,,,..##...,,,,,,,,,,
*****,**,**,,,*,..#*###.*,*******
,,,,,,,,,*,,,,*#..#* *,#,*
****,,,,,*,,**,##..* *,*,*
**,,,,**,,**,*..****,*,*
***,,**,,,***,,,,,,,*,*


You could see an orc priest (very drained).

Vanquished Creatures
  Grinder (Sewer)
  Sigmund (D:2)
  An elf zombie (Ossuary)
  2 kobold brigands (Sewer)
  A human zombie (Ossuary)
  A quasit (Sewer)
  A jelly (D:4)
  Ijyb (D:3)
  2 orc wizards (D:4)
  4 mummies (Ossuary)
  Robin (D:1)
  A gnoll (D:3)
  5 adders
  A shadow imp (Sewer)
  4 ufetubi (Sewer)
  An adder zombie (Ossuary)
  8 dart slugs
  2 worms (D:3)
  An orc (D:4)
  3 ball pythons
  A bat zombie (Sewer)
  3 endoplasms
  3 giant cockroaches
  2 gnoll zombies (Ossuary)
  13 goblins
  12 hobgoblins
  4 jackals (D:3)
  2 quokkas
  5 bats
  4 frilled lizards
  A goblin zombie (Ossuary)
  A hobgoblin zombie (Ossuary)
  2 jackal zombies (Ossuary)
  21 kobolds
  A kobold zombie (Ossuary)
  2 orc zombies (Ossuary)
  3 rats
122 creatures vanquished.

Vanquished Creatures (others)
  An orc wizard (D:4)
  A giant cockroach zombie (Sewer)
2 creatures vanquished.

Grand Total: 124 creatures vanquished

Notes
Turn   | Place    | Note
-------+----------+-------------------------------------------
     0 | D:1      | porpoise the Gargoyle Brigand began the quest for the Orb.
     0 | D:1      | Reached XP level 1. HP: 12/12 MP: 1/1
   111 | D:1      | Reached skill level 3 in Fighting
   111 | D:1      | Reached XP level 2. HP: 19/19 MP: 2/2
   495 | D:1      | Found a faded altar of an unknown god.
   594 | D:1      | Reached XP level 3. HP: 24/24 MP: 3/3
   731 | D:2      | Reached skill level 4 in Fighting
   743 | D:2      | Noticed Robin
   766 | D:1      | Killed Robin
   812 | D:2      | Reached XP level 4. HP: 30/30 MP: 4/4
  1139 | D:2      | Reached skill level 5 in Fighting
  1455 | D:2      | Noticed Sigmund
  1459 | D:2      | Killed Sigmund
  1460 | D:2      | Reached skill level 6 in Fighting
  1460 | D:2      | Reached XP level 5. HP: 35/37 MP: 3/5
  1460 | D:2      | Reached XP level 6. HP: 40/42 MP: 3/6
  1731 | D:3      | Noticed Ijyb
  1740 | D:3      | Killed Ijyb
  1741 | D:3      | Reached skill level 7 in Fighting
  2066 | D:3      | Found a bloodstained altar of Trog.
  2066 | D:3      | Found an iron altar of Okawaru.
  2106 | D:3      | Became a worshipper of Warmaster Okawaru
  2185 | D:3      | Found an ornate altar of the Wu Jian Council.
  2459 | D:4      | Found a sand-covered staircase.
  2468 | Ossuary  | Entered an ossuary
  2487 | Ossuary  | Reached skill level 8 in Fighting
  2491 | Ossuary  | Reached XP level 7. HP: 49/49 MP: 7/7
  2862 | D:4      | Found a glowing drain.
  2872 | Sewer    | Entered a sewer
  3000 | Sewer    | Noticed Grinder
  3045 | Sewer    | Reached * piety under Okawaru
  3046 | Sewer    | Reached skill level 9 in Fighting
  3080 | Sewer    | Reached skill level 1 in Dodging
  3092 | Sewer    | Reached skill level 1 in Armour
  3092 | Sewer    | Reached skill level 1 in Invocations
  3102 | Sewer    | Gained mutation: You possess an exceptional clarity of
                  | mind. [potion of mutation]
  3102 | Sewer    | Gained mutation: You have sharp toenails. [potion of
                  | mutation]
  3102 | Sewer    | Gained mutation: You are partially covered in iridescent
                  | scales. (AC +2) [potion of mutation]
  3105 | Sewer    | Paralysed by Grinder for 4 turns
  3117 | Sewer    | Found a burning altar of Makhleb.
  3118 | Sewer    | Paralysed by Grinder for 4 turns
  3119 | Sewer    | Killed Grinder
  3120 | Sewer    | Reached XP level 8. HP: 56/56 MP: 7/9
  3370 | D:4      | Slain by an orc wizard

Illustrated notes

Levels and vault maps discovered:
D:1:      doesnt_arrival_eight_statues, layout_rooms,
          dreamdust_ecumenical_altar_angels_and_demons
D:2:      layout_basic, minmay_pentomino_o4, uniq_robin, uniq_sigmund
D:3:      layout_rooms, grunt_temple_overflow_bloody_war,
          nicolae_wu_jian_immortal_techniques, uniq_ijyb
D:4:      layout_loops_ring, lightli_ossuary_entry_decrepit_ruins,
          cheibrodos_sewer_entry_drain, minmay_cupped

Skill      XL: |  1  2  3  4  5  6  7 |
---------------+----------------------+-----
Fighting       | 3 4 6 8 9 |  9.0
Dodging        | 2 |  2.1
Armour         | 2 |  2.5
Invocations    | 2 |  2.6
Short Blades   | |  1.7
Throwing       | |  1.7
Stealth        | |  4.3

Action                   |  1- 3 |  4- 6 |  7- 9 || total
-------------------------+-------+-------+-------++-------
Melee: Dagger            |    81 |   158 |   230 ||   469
       Punch             |       |     2 |     2 ||     4
       Demon blade       |       |       |    67 ||    67
 Fire: Sling             |       |    10 |       ||    10
Throw: Dart              |     3 |     8 |       ||    11
Evoke: Wand              |       |     1 |       ||     1
  Use: Scroll            |       |     8 |     4 ||    12
       Potion            |       |     1 |     8 ||     9
 Stab: Sleeping          |     1 |     2 |       ||     3
       Invisible         |       |       |     3 ||     3
Armor: Ring mail         |    23 |    98 |   215 ||   336
       Robe              |     1 |       |       ||     1
       Skin              |       |     2 |       ||     2
Dodge: Dodged            |    31 |   108 |   216 ||   355

Table legend: (Time is in decaauts)
 A = Elapsed time spent in this place.
 B = Non-inter-level travel time spent in this place.
 C = Inter-level travel time spent in this place.
 D = Time resting spent in this place.
 E = Time spent auto-exploring this place.
 F = Levels seen in this place.
 G = Mean time per level.
                   A        B        C        D        E       F      G
               +--------+--------+--------+--------+--------+-----+--------+
         Total |   3342 |   3297 |     45 |    372 |   1524 |   6 |  557.0 |
       Dungeon |   2581 |   2536 |     45 |    341 |   1285 |   4 |  645.2 |
         Sewer |    440 |    440 |      0 |      6 |    145 |   1 |  440.0 |
       Ossuary |    321 |    321 |      0 |     25 |     94 |   1 |  321.0 |
               +--------+--------+--------+--------+--------+-----+--------+

Top non-repeatable levels by time:
     D:2: 891 daAuts
     D:3: 752 daAuts
     D:1: 694 daAuts
   Sewer: 440 daAuts
 Ossuary: 321 daAuts
     D:4: 243 daAuts
